 Dungeon Crawl Stone Soup version 0.30-a0-4-ga7cffc901d (webtiles) character file.

Game seed: 3607627292239325393

51 siradein the Sneak (level 3, 0/22 HPs)
             Began as a Vampire Brigand on Aug 20, 2022.
             Slain by an orc priest
             ... wielding a +0 trident
              (3 damage)
             ... on level 3 of the Dungeon.
             The game lasted 00:02:10 (1911 turns).

siradein the Sneak (Vampire Brigand)                Turns: 1911, Time: 00:02:11

Health: 0/22       AC:  3    Str: 10    XL:     3   Next: 58%
Magic:  3/3        EV: 12    Int: 15    God:
Gold:   103        SH:  0    Dex: 15    Spells: 2/2 levels left

rFire   . . .      SeeInvis +    p - +0 rapier
rCold   + + .      Faith    .    (no shield)
rNeg    + + +      Spirit   .    b - +0 robe
rPois   ∞          Reflect  .    (no helmet)
rElec   .          Harm     .    c - +0 cloak
rCorr   .          Rampage  .    (no gloves)
Will    .....                    (no boots)
Stlth   +++++.....               (no amulet)
HPRegen 0.00/turn                (no ring)
MPRegen 0.08/turn                (no ring)

@: bloodless, inhibited regen
A: bloodless, fangs 3, see invisible, vampiric 2
a: Bat Form, Revivify


You were on level 3 of the Dungeon.
You visited 1 branch of the dungeon, and saw 3 of its levels.

You collected 103 gold pieces.

Inventory:

Hand Weapons
 p - a +0 rapier (weapon)
Missiles
 d - 14 poisoned darts (quivered)
 e - 3 curare-tipped darts
Armour
 b - a +0 robe (worn)
 c - a +0 cloak (worn)
Wands
 r - a wand of iceblast (6)
Scrolls
 a - a scroll of teleportation {unknown}
 g - 2 scrolls of blinking {unknown}
 h - 2 scrolls of magic mapping {unknown}
 j - a scroll of identify {unknown}
 n - a scroll of brand weapon {unknown}
 q - a scroll of enchant armour {unknown}
 t - a scroll of fog {unknown}
 u - a scroll of immolation {unknown}
Potions
 f - a potion of mutation {unknown}
 i - 2 potions of cancellation {unknown}
 k - 2 potions of attraction {unknown}
 l - a potion of degeneration {unknown}
 m - 2 potions of flight {unknown}
 o - a potion of curing {unknown}
 s - a potion of brilliance {unknown}


   Skills:
 + Level 2.3 Fighting
 + Level 2.9 Short Blades
 - Level 1.5 Throwing
 + Level 2.1 Dodging
 + Level 6.3 Stealth


You had 2 spell levels left.
You didn't know any spells.
Your spell library contained the following spells:

 Spells                   Type           Power      Damage    Failure   Level
 Blink                    Tloc           0%         N/A       38%         2
 Dazzling Flash           Conj/Hex       0%         N/A       63%         3
 Iskenderun's Mystic Bla  Conj/Tloc      0%         2d3       95%         4
 Manifold Assault         Tloc           0%         N/A       100%        5
 Conjure Ball Lightning   Conj/Air       0%         3x3d6     100%        6
 Starburst                Conj/Fire      0%         6d3       100%        6
 Storm Form               Tmut/Air       0%         N/A       100%        7
 Discord                  Hex            0%         N/A       100%        8
 Disjunction              Tloc           0%         N/A       100%        8


Dungeon Overview and Level Annotations

Branches:
Dungeon (3/15)

Altars:


Innate Abilities, Weirdness & Mutations

You do not regenerate when monsters are visible.
You are frail without blood (-20% HP).
You can heal yourself when you bite living creatures.
You are immune to poison.
You have razor-sharp teeth.
You have supernaturally acute eyesight. (SInv)
You are afflicted with vampirism and can become a bat while bloodless.


Message History

A hobgoblin comes into view.
Found a stone staircase leading up.
A hobgoblin is nearby!
A hobgoblin is nearby!
A hobgoblin is nearby!
The hobgoblin shouts!
You hit the hobgoblin. Your bite misses the hobgoblin.
The hobgoblin is lightly wounded.
The hobgoblin barely misses you.
You hit the hobgoblin.
You kill the hobgoblin!
No target in view!
No target in view!
You pick up a book of Chaos and begin reading...
You add the spells Conjure Ball Lightning, Disjunction and Discord to your library.
Found a stone staircase leading up.
u - a scroll labelled XORUPR DETYUQA You now have 103 gold pieces (gained 11).
An adder comes into view.
An orc priest comes into view. It is wielding a +0 trident.
The adder moves out of view.
An orc priest is nearby!
An orc priest is nearby!
An orc priest is nearby!
There is a stone staircase leading up here.
An orc comes into view. It is wielding a +0 mace.
The orc priest barely misses you.
The orc shouts!
You hit the orc priest but do no damage.
A kobold comes into view. It is wielding a +0 short sword.
The orc priest invokes the aid of Beogh against you.
Beogh smites you!
Ouch! That really hurt!
The kobold shouts!
You are too injured to fight recklessly!
The orc priest hits you from afar with a +0 trident!
* * * LOW HITPOINT WARNING * * *
There is a stone staircase leading up here.
The orc priest hits you from afar with a +0 trident.
You die...

..........................
#######.............#...##
#....##...(.....#...
##...##########...##
#....# ##........
#....######..####...
###.........## ####
##..######## #.@.#
.....So....# ......###$.#
...... #..# ..... #..#
..... .... .... ..##. ....
## ..


You could see an orc priest and an adder.

Vanquished Creatures
  2 adders (D:2)
  2 dart slugs
  2 bats
  4 endoplasms
  A giant cockroach (D:1)
  2 goblins (D:2)
  4 hobgoblins
  A quokka (D:3)
  5 ball pythons
  4 kobolds
  4 rats
31 creatures vanquished.

Notes
Turn   | Place    | Note
-------+----------+-------------------------------------------
     0 | D:1      | siradein the Vampire Brigand began the quest for the Orb.
     0 | D:1      | Reached XP level 1. HP: 16/16 MP: 1/1
   165 | D:1      | Reached XP level 2. HP: 17/17 MP: 2/2
   865 | D:2      | Reached skill level 6 in Stealth
   918 | D:2      | Gained mutation: You are afflicted with vampirism and can
                  | become a bat while bloodless. [Vampire growth]
   918 | D:2      | Reached XP level 3. HP: 21/21 MP: 3/3
  1911 | D:3      | Slain by an orc priest

Illustrated notes

Levels and vault maps discovered:
D:1:      erik_arrival_blinker_ship, layout_loops_ring
D:2:      layout_basic
D:3:      layout_rooms, grunt_decor_junction, uniq_natasha

Skill      XL: |  1  2 |
---------------+-------+-----
Fighting       | 2 |  2.3
Stealth        | 6 |  6.3
Dodging        | 2 |  2.1
Short Blades   | |  2.9
Throwing       | |  1.5

Action                   || total
-------------------------++-------
Melee: Dagger            ||    45
       Bite              ||     5
       Rapier            ||    13
 Abil: Exsanguinate      ||     1
 Stab: Sleeping          ||    19
Armor: Robe              ||    10
Dodge: Dodged            ||    32

Table legend: (Time is in decaauts)
 A = Elapsed time spent in this place.
 B = Non-inter-level travel time spent in this place.
 C = Inter-level travel time spent in this place.
 D = Time resting spent in this place.
 E = Time spent auto-exploring this place.
 F = Levels seen in this place.
 G = Mean time per level.
                   A        B        C        D        E       F      G
               +--------+--------+--------+--------+--------+-----+--------+
         Total |   1905 |   1813 |     92 |      0 |   1576 |   3 |  635.0 |
       Dungeon |   1905 |   1813 |     92 |      0 |   1576 |   3 |  635.0 |
               +--------+--------+--------+--------+--------+-----+--------+

Top non-repeatable levels by time:
     D:2: 962 daAuts
     D:1: 830 daAuts
     D:3: 111 daAuts
